 Dungeon Crawl Stone Soup version 0.20-a0-9-g62d82d9 (webtiles) character file.

24770 dobroeutro the Basher (level 13, -5/75 HPs)
             Began as a Gargoyle Fighter on Nov 1, 2016.
             Was a High Priest of Okawaru.
             Killed from afar by a tengu reaver (8 damage)
             ... with a bolt of magma
             ... on level 13 of the Dungeon.
             The game lasted 00:29:39 (11817 turns).

dobroeutro the Basher (Gargoyle Fighter)           Turns: 11817, Time: 00:29:40

Health: -5/75      AC: 30    Str: 38    XL:     13   Next: 15%
Magic:  11/11      EV: 18    Int: 10    God:    Okawaru [*****.]
Gold:   729        SH:  6    Dex: 12    Spells: 0 memorised, 12 levels left

rFire  + . .     SeeInvis +     a - +6 shillelagh "Devastator" {shatter}
rCold  . . .     Gourm    .     R - +3 scale mail
rNeg   + . .     Faith    .     N - +0 buckler "Dechesk" {+Fly rF+ SInv}
rPois  ∞         Spirit   .     x - +1 helmet
rElec  +         Reflect  .     y - +0 cloak
rCorr  .         Harm     .     r - +0 pair of gloves
MR     .....                    m - +0 pair of boots
Stlth  +.........               (no amulet)
                                P - +3 ring of strength
                                O - +3 ring of strength

@: mighty, heroism
A: agile 1, clever 1, deterioration 1, frail 1, low mp 1, negative energy
resistance 1, sense surroundings 1, electricity resistance, strong 1,
unbreathing, petrification resistance, no device heal 1, rot immunity, AC +9
a: Heroism, Finesse, Renounce Religion, Evoke Flight


You were on level 13 of the Dungeon.
You worshipped Okawaru.
Okawaru was extremely pleased with you.
You were not hungry.

You visited 2 branches of the dungeon, and saw 16 of its levels.

You collected 729 gold pieces.

Inventory:

Hand Weapons
 a - the +6 shillelagh "Devastator" (weapon) {shatter}
   (You acquired it on level 8 of the Dungeon)
 D - a +6 flail of holy wrath
 Q - a +5 eveningstar
Armour
 c - a +0 shield
 m - a +0 pair of boots (worn)
 r - a +0 pair of gloves (worn)
 x - a +1 helmet (worn)
 y - a +0 cloak (worn)
 C - a +1 large shield
 N - the +0 buckler "Dechesk" (worn) {+Fly rF+ SInv}
   (Okawaru gifted it to you on level 15 of the Dungeon)

   It protects you from fire.
   It lets you see invisible.
   It lets you fly.
 R - a +3 scale mail (worn)
Jewellery
 O - a +3 ring of strength (left hand)
 P - a +3 ring of strength (right hand)
Wands
 b - a wand of disintegration (15/24)
 l - a wand of paralysis (12/24)
 n - a wand of acid (3/15)
 G - a wand of paralysis (23/24)
 H - a wand of slowing (22/48)
 L - a wand of random effects (32/48)
 M - a wand of lightning (4/15)
Scrolls
 e - 3 scrolls of noise
 g - 14 scrolls of identify
 o - 4 scrolls of remove curse
 p - 6 scrolls of enchant armour
 t - a scroll of teleportation
 z - 2 scrolls of amnesia
 A - a scroll of recharging
Potions
 d - 2 potions of might
 i - 4 potions of flight
 j - 2 potions of agility
 k - a potion of curing
 s - a potion of berserk rage
 u - a potion of haste
 v - a potion of mutation
 B - 2 potions of invisibility
 E - a potion of lignification
 F - 2 potions of cure mutation
 K - a potion of heal wounds
Comestibles
 f - 9 bread rations
 q - 7 fruits
 w - 9 meat rations
 I - 4 beef jerkies
 J - 7 slices of pizza


   Skills:
 + Level 11.5(16.5) Fighting
 * Level 12.9(17.9) Maces & Flails
 + Level 11.3(16.3) Armour
 + Level 8.3(13.3) Dodging
 - Level 5.0(10.0) Shields


You had 12 spell levels left.
You didn't know any spells.

Dungeon Overview and Level Annotations

Branches:
Dungeon (15/15)            Temple (1/1) D:6            Lair (0/6) D:10
    Orc (0/2) D:9
 Vaults: D:13-14     Depths: D:15

Altars:
Ashenzari
Cheibriados
Fedhas
Hepliaklqana
Makhleb
Okawaru
Qazlal
Sif Muna
Trog
Vehumet
Xom
Zin
Beogh

Shops:
D:5 %


Innate Abilities, Weirdness & Mutations

You are resistant to torment.
Your stone body is resilient. (AC +9)
You are immune to poison.
You resist negative energy. (rN+)
You are resistant to electric shocks. (rElec)
You can survive without breathing.
You are immune to petrification.
You are immune to rotting.
You are agile. (Dex +2)
Your mind is acute. (Int +2)
Your body sometimes deteriorates upon taking damage.
You are frail. (-10% HP)
Your magical capacity is low. (-10% MP)
You passively map a small area around you.
Your muscles are strong. (Str +2)
Potions and wands are less effective at restoring your health.


Message History

You block the tengu reaver's attack.
The tengu reaver claws you but does no damage.
You are confused.
Your system partially rejects the healing.
You feel invigorated.
You bump into the rock wall.
The tengu reaver hits you with a war axe of venom!
* * * LOW HITPOINT WARNING * * *
The tengu reaver pecks you but does no damage.
The tengu reaver claws you but does no damage.
You're too confused!
Your system partially rejects the healing.
You feel better.
You feel less invigorated.
The tengu reaver hits you with a war axe of venom!
* * * LOW HITPOINT WARNING * * *
The tengu reaver closely misses you. The tengu reaver barely misses you.
Okay, then.
The tengu reaver gestures at you while chanting.
The bolt of magma hits you! You partially resist.
You die...

* * * , *** .####*###
* .......# * *
,.##...#.# ,........#
, #...#.########
*#....<.@.....# ,
##.##Q######.# * #,
#.##9# *.# *
#.####'##.# #.#####
#.......J*# #.#...#
####...))## #.....#
#...))).## ##.#...#
*#.......(.####...#.##
.'..9.....†(.........#


You could see a tengu reaver.

Vanquished Creatures
  An ogre mage (D:15)
  Erolcha (D:9)
  A tengu warrior (D:15)
  The ghost of brucemayne the Cleaver, a novice DsBe of Trog (D:10)
  Urug (D:14)
  5 hill giants
  An orc knight (D:15)
  An ugly thing (D:13)
  A salamander (shapeshifter) (D:14)
  The ghost of Nuatha the Skirmisher, a novice VSWn of the Shining One (D:6)
  A gargoyle (D:15)
  2 kobold demonologists
  A komodo dragon (D:14)
  6 trolls
  5 two-headed ogres
  Grinder (D:6)
  Prince Ribbit (D:5)
  2 hippogriffs
  A vampire (D:14)
  A wyvern (D:13)
  Eustachio (D:6)
  A human (D:7)
  3 hogs (D:7)
  11 yaks
  4 hungry ghosts
  6 vampire mosquitoes
  2 steam dragons
  Grum (D:11)
  A warg (D:15)
  Edmund (D:5)
  A mottled dragon (D:13)
  2 hell hounds (D:10)
  A water moccasin (D:9)
  A meliai simulacrum (D:14)
  A sky beast (D:9)
  2 ice beasts
  4 necrophages
  A black bear (D:6)
  8 orc warriors
  2 phantoms
  2 wolves (D:11)
  9 ogres
  11 centaurs
  A crocodile (D:7)
  4 big kobolds
  8 bullfrogs
  2 gnoll sergeants (D:9)
  A wyvern skeleton (D:9)
  A water moccasin skeleton (D:6)
  5 scorpions
  20 killer bees
  2 howler monkeys
  11 crimson imps
  2 centaur zombies
  8 hounds
  4 jellies
  8 orc priests
  Crazy Yiuf (D:7)
  3 centaur skeletons
  3 bullfrog skeletons
  4 iguanas
  9 orc wizards
  10 worker ants
  A hound zombie (D:7)
  A hound skeleton (D:4)
  A howler monkey zombie (D:5)
  19 adders
  8 gnolls (D:9)
  2 howler monkey skeletons
  2 shadow imps
  An ooze (D:2)
  3 worms
  3 dart slugs
  7 leopard geckos
  59 orcs
  7 giant cockroaches
  7 goblins
  8 hobgoblins
  10 jackals
  2 quokkas
  3 bats (D:1)
  A frilled lizard (D:1)
  22 kobolds
  2 leopard gecko zombies
  8 rats
  A fungus (D:7)
396 creatures vanquished.

Vanquished Creatures (others)
  An unseen horror (D:14)
1 creature vanquished.

Grand Total: 397 creatures vanquished

Notes
Turn   | Place    | Note
-------+----------+-------------------------------------------
     0 | D:1      | dobroeutro the Gargoyle Fighter began the quest for the Orb.
     0 | D:1      | Reached XP level 1. HP: 14/14 MP: 1/1
    86 | D:1      | Reached XP level 2. HP: 19/19 MP: 2/2
   941 | D:2      | Reached XP level 3. HP: 20/23 MP: 3/3
  1000 | D:2      | Found a radiant altar of Vehumet.
  1387 | D:2      | Found a faded altar of an unknown god.
  1454 | D:2      | Found a burning altar of Makhleb.
  1454 | D:2      | Noticed a green death
  1458 | D:2      | Noticed a ynoxinul
  1458 | D:2      | Noticed an orange demon
  1948 | D:2      | Reached skill level 1 in Dodging
  1948 | D:2      | Reached XP level 4. HP: 29/29 MP: 4/4
  2377 | D:4      | Reached skill level 3 in Maces & Flails
  2377 | D:4      | Reached XP level 5. HP: 33/33 MP: 5/5
  2611 | D:4      | Reached XP level 6. HP: 28/38 MP: 6/6
  3180 | D:5      | Entered Level 5 of the Dungeon
  3317 | D:5      | Reached skill level 5 in Armour
  3339 | D:5      | Reached XP level 7. HP: 44/44 MP: 7/7
  3367 | D:5      | Reached skill level 5 in Shields
  3446 | D:5      | Reached skill level 5 in Fighting
  3450 | D:5      | Reached skill level 4 in Maces & Flails
  3474 | D:5      | Found Gimahazo's Food Shoppe.
  3627 | D:5      | Noticed Prince Ribbit
  3635 | D:5      | Killed Prince Ribbit
  3635 | D:5      | Reached XP level 8. HP: 35/50 MP: 8/8
  3899 | D:5      | Found a glowing silver altar of Zin.
  3916 | D:5      | Found a blossoming altar of Fedhas.
  3971 | D:5      | Noticed Edmund
  3979 | D:5      | Killed Edmund
  3979 | D:5      | Reached skill level 5 in Maces & Flails
  4128 | D:6      | Noticed Grinder
  4149 | D:6      | Paralysed by Grinder for 3 turns
  4152 | D:6      | Killed Grinder
  4208 | D:6      | Reached XP level 9. HP: 56/56 MP: 9/9
  4375 | D:6      | Noticed Eustachio
  4390 | D:6      | Killed Eustachio
  4390 | D:6      | Reached skill level 6 in Maces & Flails
  4499 | D:6      | Got a spiked ring mail
  4510 | D:6      | Identified the +0 ring mail of the Illusory Wars {Int+3} (You found it on level 6 of the Dungeon)
  4867 | D:6      | Noticed Nuatha's ghost (novice VSWn)
  4879 | D:6      | Killed Nuatha's ghost
  4905 | D:6      | Found a staircase to the Ecumenical Temple.
  5022 | Temple   | Entered the Ecumenical Temple
  5029 | Temple   | Became a worshipper of Warmaster Okawaru
  5128 | D:6      | Reached skill level 7 in Maces & Flails
  5250 | D:7      | Reached skill level 5 in Dodging
  5355 | D:7      | Reached XP level 10. HP: 64/64 MP: 10/10
  5461 | D:7      | Reached * piety under Okawaru
  5479 | D:7      | Reached skill level 8 in Maces & Flails
  5706 | D:7      | Found a shattered altar of Ashenzari.
  5741 | D:7      | Noticed a moth of wrath
  5745 | D:7      | Found a bloodstained altar of Trog.
  5973 | D:7      | Found a runed door.
  5977 | D:7      | Noticed Crazy Yiuf
  5981 | D:7      | Killed Crazy Yiuf
  6141 | D:8      | Reached ** piety under Okawaru
  6561 | D:8      | Identified a scroll of acquirement
  6689 | D:9      | Found a staircase to the Orcish Mines.
  7015 | D:9      | Noticed Erolcha
  7038 | D:9      | HP: 3/65 [Erolcha/giant club (16)]
  7041 | D:9      | Gained mutation: You passively map a small area around you. [potion of mutation]
  7041 | D:9      | Gained mutation: You have sharp fingernails. [potion of mutation]
  7041 | D:9      | Gained mutation: Your mind is acute. (Int +2) [potion of mutation]
  7045 | D:9      | HP: 3/65 [Erolcha/giant club (6)]
  7050 | D:9      | Killed Erolcha
  7050 | D:9      | Reached skill level 9 in Maces & Flails
  7514 | D:9      | Found a roughly hewn altar of Beogh.
  7541 | D:9      | Reached *** piety under Okawaru
  7546 | D:9      | Gained mutation: Potions and wands are less effective at restoring your health. [mutagenic meat]
  7547 | D:9      | Gained mutation: You are agile. (Dex +2) [mutagenic meat]
  7548 | D:9      | Lost mutation: You have sharp fingernails. [mutagenic meat]
  7549 | D:9      | Gained mutation: Your magical capacity is low. (-10% MP) [mutagenic meat]
  7550 | D:9      | Gained mutation: Your body sometimes deteriorates upon taking damage. [mutagenic meat]
  7551 | D:9      | Gained mutation: Your mind is very acute. (Int +4) [mutagenic meat]
  7558 | D:9      | Reached XP level 11. HP: 63/71 MP: 9/9
  7651 | D:9      | Found a faded altar of an unknown god.
  7651 | D:9      | Found a snail-covered altar of Cheibriados.
  7656 | D:9      | Found a faded altar of an unknown god.
  7658 | D:9      | Found a faded altar of an unknown god.
  7659 | D:9      | Found a faded altar of an unknown god.
  7905 | D:10     | Entered Level 10 of the Dungeon
  7966 | D:10     | Noticed brucemayne's ghost (novice DsBe)
  8016 | D:10     | Killed brucemayne's ghost
  8294 | D:10     | Found a staircase to the Lair.
  8405 | D:10     | Reached **** piety under Okawaru
  8442 | D:10     | Reached skill level 10 in Maces & Flails
  8473 | D:10     | Noticed a hill giant
  8476 | D:10     | Killed a hill giant
  8582 | D:10     | Noticed a hill giant
  8588 | D:10     | Killed a hill giant
  8588 | D:10     | Reached ***** piety under Okawaru
  8781 | D:10     | Noticed a hill giant
  8788 | D:10     | Killed a hill giant
  8958 | D:10     | Received a gift from Okawaru
  9015 | D:10     | Found a shimmering altar of Xom.
  9051 | D:10     | Reached skill level 10 in Fighting
  9173 | D:11     | Noticed a hill giant
  9189 | D:10     | Killed a hill giant
  9189 | D:10     | Reached skill level 10 in Armour
  9189 | D:10     | Reached skill level 11 in Maces & Flails
  9418 | D:11     | Received a gift from Okawaru
  9518 | D:11     | Reached XP level 12. HP: 77/77 MP: 10/10
  9623 | D:11     | Noticed Grum
  9630 | D:11     | Killed Grum
  9653 | D:11     | Found a hazy altar of Hepliaklqana.
 10401 | D:12     | You fall through a shaft for 3 floors!
 10401 | D:15     | Entered Level 15 of the Dungeon
 10443 | D:15     | Paralysed by a wizard for 2 turns
 10680 | D:15     | Noticed an ogre mage
 10686 | D:15     | Received a gift from Okawaru
 10690 | D:15     | Got a crude buckler {god gift}
 10701 | D:15     | Killed an ogre mage
 10715 | D:15     | Identified the +0 buckler "Dechesk" {+Fly rF+ SInv} (Okawaru gifted it to you on level 15 of the Dungeon)
 10808 | D:15     | Noticed a tengu warrior
 10814 | D:15     | Killed a tengu warrior
 10814 | D:15     | Reached skill level 12 in Maces & Flails
 11300 | D:14     | Noticed Urug
 11312 | D:14     | Killed Urug
 11530 | D:14     | Noticed a centaur warrior
 11532 | D:14     | Noticed a centaur warrior
 11533 | D:14     | Reached XP level 13. HP: 79/84 MP: 11/11
 11722 | D:13     | Lost mutation: Your mind is very acute. (Int +4) [mutagenic meat]
 11723 | D:13     | Gained mutation: You are frail. (-10% HP) [mutagenic meat]
 11725 | D:13     | Gained mutation: Your muscles are strong. (Str +2) [mutagenic meat]
 11776 | D:13     | Noticed a tengu reaver
 11815 | D:13     | HP: 3/75 [tengu reaver/war axe of venom (8)]
 11817 | D:13     | Killed from afar by a tengu reaver

Vault maps used:
D:1:      shiori_arrival_oz, serial_park_tiny_2
D:2:      vehumet_crystals, makhleb_altar_promises_db, ecumenical_altar_1,
          first_bread
D:4:      kennysheep_minor_cross
D:5:      nicolae_overflow_crystal_walls, kennysheep_little_box, serial_shops,
          shop, uniq_edmund, uniq_prince_ribbit1
D:6:      corexii_shack_village, uniq_eustachio, uniq_grinder
D:7:      overflow_temple_1_default, grunt_livestock, serial_bayou_pond_e,
          hangedman_abyss_or_decor_passed, minmay_misc_feat_ornament,
          minivault_27, tgw_trog, uniq_crazy_yiuf_cottage
D:9:      chequers_temple_overflow_minitemple, minmay_orc_entry_temple_small,
          uniq_erolcha
D:10:     minmay_lair_entry_lava, basic_altar
D:11:     basic_altar, uniq_grum
D:12:     uniq_josephine
D:14:     hangedman_vaults_entry_quadrant_bands, bh_chokoban, uniq_urug
D:15:     grunt_enter_depths_snipers, enter_trove_5
Temple:   regret_index_temple_waves

Skill      XL: |  1  2  3  4  5  6  7  8  9 10 11 12 |
---------------+-------------------------------------+-----
Dodging        | 1 2 3 4 5 6 7 8 |  8.3
Armour         | 4 5 6 8 9 10 11 | 11.3
Maces & Flails | 3 4 5 7 9 11 12 | 12.9
Fighting       | 4 5 6 7 9 10 11 | 11.5
Shields        | 4 5 |  5.0

Action                   |  1- 3 |  4- 6 |  7- 9 | 10-12 | 13-15 || total
-------------------------+-------+-------+-------+-------+-------++-------
Melee: Flail             |    69 |       |   222 |   142 |       ||   433
       Whip              |    26 |   166 |   124 |       |       ||   316
       Shillelagh        |       |       |       |   447 |    69 ||   516
Invok: Heroism           |       |       |       |     6 |     2 ||     8
  Use: Scroll            |       |       |       |    23 |       ||    23
       Potion            |       |       |       |     8 |     3 ||    11
  Eat: Chunk             |     3 |     5 |     7 |    23 |     5 ||    43
       Bread ration      |       |       |       |     2 |       ||     2
Armor: Scale mail        |    52 |    71 |   199 |   215 |    43 ||   580
Dodge: Dodged            |    31 |    52 |   110 |   218 |    47 ||   458
Block: Shield            |    41 |    68 |    74 |       |       ||   183
       Large shield      |       |       |   257 |   436 |       ||   693
       Buckler           |       |       |       |    13 |    17 ||    30
